 Dungeon Sprint DCSS version 0.29-a0-551-gffc1d7fb78 (webtiles) character file.

Game seed: 14550163363840113012

1453 rocky1 the Nimble (level 9, -1/72 HPs)
             Began as a Djinni Gladiator on June 5, 2022.
             Was a Priest of Okawaru.
             Slain by an orc knight
             ... wielding a +1 great mace of protection
              (9 damage)
             ... in the Dungeon (Sprint VII: "The Pits").
             The game lasted 00:06:22 (1953 turns).

rocky1 the Nimble (Djinni Gladiator)                Turns: 1953, Time: 00:06:22

Health: -1/72      AC:  9    Str: 13    XL:     9   Next: 5%
Gold:   0          EV: 15    Int: 13    God:    Okawaru [***...] SH:  0 Dex: 16

rFire   + + .      SeeInvis .   l - +0 long sword (flame)
rCold   . . .      Faith    .   (no shield)
rNeg    . . .      Spirit   .   j - +1 ring mail {rC+}
rPois   ∞          Reflect  .   c - +0 helmet
rElec   .          Harm     .   (no cloak)
rCorr   .          Rampage  .   (no gloves)
Will    .....      NoTele   +   (boots unavailable)
Stlth   +.........              (no amulet)
HPRegen 0.22/turn               (no ring)
MPRegen 0.00/turn               (no ring)

@: on berserk cooldown, flying, hasted and slowed, invisible
A: sickness immunity, fire resistance 2, cold vulnerability 1, float, innate
caster, HP casting, extra vitality 1
a: Renounce Religion, Heroism


You were in the Dungeon.
You worshipped Okawaru.
Okawaru was most pleased with you.
You visited 1 branch

Inventory:

Hand Weapons
 l - a +0 long sword of flaming (weapon)
Missiles
 d - 3 throwing nets (quivered)
 e - a javelin
Armour
 c - a +0 helmet (worn)
 j - a +1 ring mail of cold resistance (worn)
Potions
 f - 6 potions of curing
 k - a potion of invisibility
 m - 2 potions of heal wounds


   Skills:
 + Level 9.2 Fighting
 + Level 8.7 Long Blades
 - Level 1.5 Throwing
 + Level 8.9 Armour
 + Level 10.3 Dodging
 + Level 4.2 Spellcasting
 - Level 2.8 Invocations


You had 7 spell levels left.
You knew the following spells:

 Your Spells              Type           Power      Damage    Failure   Level
a - Beastly Appendage     Tmut           26%        N/A       6%          1
b - Searing Ray           Conj           26%        2d5       10%         2
c - Frozen Ramparts       Ice            26%        1d4       19%         3
d - Swiftness             Air            13%        N/A       19%         3
Your spell library was empty.

Dungeon Overview and Level Annotations

Branches:
Dungeon (1/1)

Altars:
Ashenzari
Cheibriados
Dithmenos
Elyvilon
Fedhas
Gozag
Hepliaklqana
Kikubaaqudgha
Makhleb
Nemelex Xobeh
Okawaru
Qazlal
Ru
Sif Muna
Trog
Uskayaw
Vehumet
Wu Jian
Xom
Yredelemnul
Zin
The Shining One
Beogh
Jiyva
Lugonu


Innate Abilities, Weirdness & Mutations

You are immune to sickness and miasma.
You are immune to poison.
Your flesh is very heat resistant. (rF++)
You are vulnerable to cold. (rC-)
You float through the air rather than walking.
You learn spells naturally, not from books.
Your magical power is your life essence.
You have superior vitality. (+4 MHP)


Message History

The orc knight is lightly wounded.
The orc knight hits you with a +1 great mace of protection.
You fade into invisibility!
The orc knight closely misses you.
The orc knight hits you with a +1 great mace of protection.
You barely miss the orc knight.
The orc knight is lightly wounded.
The orc knight hits you with a +1 great mace of protection!
* * * LOW HITPOINT WARNING * * *
You feel much better. The orc knight closely misses you.
You feel yourself speed up.
You feel like a meek peon again.
The orc knight hits you with a +1 great mace of protection!!
* * * LOW HITPOINT WARNING * * *
The orc knight misses you.
You feel much better.
The orc no longer looks unusually strong.
The orc knight barely misses you.
You hit the orc knight but do no damage.
The orc knight is lightly wounded.
The orc knight misses you.
You hit the orc knight but do no damage.
The orc knight is lightly wounded.
The orc knight hits you with a +1 great mace of protection!
* * * LOW HITPOINT WARNING * * *
You hit the orc knight. You burn the orc knight.
Your punch misses the orc knight.
The orc knight is lightly wounded.
The orc knight misses you.
You hit the orc knight. You burn the orc knight.
The orc knight is lightly wounded.
The orc knight barely misses you.
You hit the orc knight but do no damage.
The orc knight is lightly wounded.
The orc knight roars a battlecry!
The orc goes into a battle-frenzy!
You hit the orc knight. You burn the orc knight.
The orc knight is moderately wounded.
The orc knight hits you with a +1 great mace of protection!
You die...

##########[##.....
#.).).......+.....
#'#####)#####.....
#.#..#..#..##.....
#.#..'..#))#####'#
#.#..####.)##.....
#.#..#..#))##.....
#.#))#).#.[##.....
#@##'#).#'###...<.
#o#........##.....
#o#........##.....
#'###########.....
#.......#..#######
#.......#.# ####
#...#...#.#gg..#
#..###..#÷#O...#
#...#...#.'gh.3+


You could see an orc knight (can't see you) and an orc (strong, can't see you).

Vanquished Creatures
  A smoke demon (D)
  2 flying skulls (D)
  A fire elemental (D)
  A warg (D)
  2 sky beasts (D)
  An ogre (D)
  A bullfrog (D)
  A gnoll sergeant (D)
  A jelly (D)
  2 orc priests (D)
  An orc wizard (D)
  5 gnolls (D)
  2 river rats (D)
  A worm (D)
  An orc (D)
  2 bats (D)
  A bat skeleton (D)
  A bat zombie (D)
  An endoplasm (D)
  2 goblins (D)
  A jackal (D)
  A quokka (D)
  A ball python (D)
33 creatures vanquished.

Notes
Turn   | Place    | Note
-------+----------+-------------------------------------------
     0 | D        | rocky1 the Djinni Gladiator began the quest for the Orb.
     0 | D        | Reached XP level 1. HP: 18/18 MP: 0/0
    16 | D        | Reached skill level 1 in Armour
    16 | D        | Reached skill level 1 in Spellcasting
    16 | D        | Reached XP level 2. HP: 15/24 MP: 0/0
    19 | D        | Found a bloodstained altar of Trog.
    19 | D        | Found a viscous altar of Jiyva.
    19 | D        | Found a hazy altar of Hepliaklqana.
    19 | D        | Found an opulent altar of Gozag.
    20 | D        | Found a glowing golden altar of the Shining One.
    20 | D        | Found a glowing silver altar of Zin.
    20 | D        | Found a basalt altar of Yredelemnul.
    20 | D        | Found a shimmering altar of Xom.
    20 | D        | Found an ornate altar of the Wu Jian Council.
    20 | D        | Found a sacrificial altar of Ru.
    20 | D        | Found a stormy altar of Qazlal.
    20 | D        | Found an iron altar of Okawaru.
    20 | D        | Found a sparkling altar of Nemelex Xobeh.
    20 | D        | Found a burning altar of Makhleb.
    20 | D        | Found a blossoming altar of Fedhas.
    20 | D        | Found a white marble altar of Elyvilon.
    20 | D        | Found a shadowy altar of Dithmenos.
    20 | D        | Found a snail-covered altar of Cheibriados.
    22 | D        | Found a corrupted altar of Lugonu.
   117 | D        | Found a hide-covered altar of Uskayaw.
   117 | D        | Found a broken altar of Ashenzari.
   122 | D        | Became a worshipper of Warmaster Okawaru
   170 | D        | Reached skill level 4 in Dodging
   170 | D        | Reached XP level 3. HP: 19/30 MP: 0/0
   170 | D        | Learned a level 1 spell: Beastly Appendage
   524 | D        | Noticed a flying skull
   536 | D        | Killed a flying skull
   536 | D        | Reached * piety under Okawaru
   537 | D        | Reached skill level 5 in Fighting
   537 | D        | Reached skill level 5 in Long Blades
   537 | D        | Reached skill level 5 in Armour
   537 | D        | Reached skill level 6 in Dodging
   537 | D        | Reached XP level 4. HP: 21/40 MP: 0/0
   537 | D        | Reached XP level 5. HP: 23/45 MP: 0/0
   537 | D        | Learned a level 2 spell: Searing Ray
   537 | D        | Reached XP level 6. HP: 26/50 MP: 0/0
   783 | D        | Noticed a sky beast
   805 | D        | Killed a sky beast
   806 | D        | Reached skill level 7 in Dodging
   889 | D        | Reached skill level 8 in Dodging
   889 | D        | Reached skill level 1 in Invocations
   902 | D        | Reached ** piety under Okawaru
   903 | D        | Reached XP level 7. HP: 21/58 MP: 0/0
   903 | D        | Learned a level 3 spell: Frozen Ramparts
  1237 | D        | Noticed a fire elemental
  1243 | D        | Killed a fire elemental
  1244 | D        | Reached skill level 9 in Dodging
  1291 | D        | Noticed a flying skull
  1323 | D        | Killed a flying skull
  1323 | D        | Reached *** piety under Okawaru
  1324 | D        | Reached XP level 8. HP: 36/65 MP: 0/0
  1570 | D        | Noticed a smoke demon
  1570 | D        | Noticed an orc knight
  1939 | D        | Killed a smoke demon
  1940 | D        | Reached skill level 10 in Dodging
  1940 | D        | Reached XP level 9. HP: 51/72 MP: 0/0
  1940 | D        | Learned a level 3 spell: Swiftness
  1946 | D        | HP: 1/72 [orc knight/+1 great mace of protection (29)]
  1953 | D        | Slain by an orc knight

Illustrated notes

Levels and vault maps discovered:
D:        pitsprint [storerooms_1, entrance_room_1, metal_vault_6, armoury_2,
          mini_pit_1, grid_room_1, main_hall_1, silver_pit, the_coven_1,
          the_vestibule_1, steel_vault_1, golden_pit, hallway_of_sentries,
          crystal_vault_6, iron_vault_4, final_vault]

Skill      XL: |  1  2  3  4  5  6  7  8 |
---------------+-------------------------+-----
Long Blades    | 3 5 6 7 8 |  8.7
Armour         | 1 2 5 6 8 |  8.9
Spellcasting   | 1 3 4 |  4.2
Fighting       | 3 5 7 8 9 |  9.2
Dodging        | 4 6 8 9 10 | 10.3
Invocations    | 2 |  2.8
Throwing       | |  1.5

Action                   |  1- 3 |  4- 6 |  7- 9 || total
-------------------------+-------+-------+-------++-------
Melee: Long sword        |    40 |    31 |   125 ||   196
       Punch             |       |     1 |     1 ||     2
Invok: Heroism           |       |       |     1 ||     1
  Use: Potion            |     2 |       |     7 ||     9
       Scroll            |       |       |     1 ||     1
 Stab: Sleeping          |     1 |       |       ||     1
Armor: Leather armour    |    25 |       |       ||    25
       Scale mail        |       |    10 |    26 ||    36
       Ring mail         |       |       |    16 ||    16
Dodge: Dodged            |    39 |    14 |    67 ||   120

Table legend: (Time is in decaauts)
 A = Elapsed time spent in this place.
 B = Non-inter-level travel time spent in this place.
 C = Inter-level travel time spent in this place.
 D = Time resting spent in this place.
 E = Time spent auto-exploring this place.
 F = Levels seen in this place.
 G = Mean time per level.
                   A        B        C        D        E       F      G
               +--------+--------+--------+--------+--------+-----+--------+
         Total |   1979 |   1962 |     17 |   1395 |      0 |   1 | 1979.0 |
       Dungeon |   1979 |   1962 |     17 |   1395 |      0 |   1 | 1979.0 |
               +--------+--------+--------+--------+--------+-----+--------+

Top non-repeatable levels by time:
       D: 1979 daAuts
